 Dungeon Crawl Stone Soup version 0.24-a0-580-g6a6c3f8 (webtiles) character file.

Game seed: 10080942039206145007

1129 Spazmo the Magician (level 8, 0/41 HPs)
             Began as a Deep Elf Fire Elementalist on Aug 21, 2019.
             Slain by an orc warrior
             ... wielding a +2 flail of protection
              (15 damage)
             ... on level 6 of the Dungeon.
             The game lasted 00:15:18 (4621 turns).

Spazmo the Magician (Deep Elf Fire Elementalist)    Turns: 4621, Time: 00:15:19

Health: 0/41       AC:  3    Str:  5    XL:     8   Next: 13%
Magic:  15/21      EV: 13    Int: 23    God:
Gold:   232        SH:  0    Dex: 15    Spells: 7/22 levels left

rFire    . . .     SeeInvis .   j - +0 dagger (venom)
rCold    + + .     Gourm    .   (no shield)
rNeg     . . .     Faith    .   a - +1 robe
rPois    .         Spirit   .   (no helmet)
rElec    .         Reflect  .   l - scarf {repulsion}
rCorr    .         Harm     .   (no gloves)
MR       .....                  (no boots)
Stlth    ++........             b - amulet of magic regeneration
HPRegen  0.13/turn              k - ring of protection from cold
MPRegen  0.42/turn              v - ring of protection from cold

@: repel missiles
A: no striking features
a: no special abilities


You were on level 6 of the Dungeon.
You were hungry.

You visited 1 branch of the dungeon, and saw 6 of its levels.

You collected 232 gold pieces.

Inventory:

Hand Weapons
 j - a +0 dagger of venom (weapon)
Missiles
 d - 120 stones (quivered)
Armour
 a - a +1 robe (worn)
 l - a scarf of repulsion (worn)
Jewellery
 b - an amulet of magic regeneration (around neck)
 k - a ring of protection from cold (left hand)
 v - a ring of protection from cold (right hand)
Scrolls
 g - 2 scrolls of enchant armour
 h - 7 scrolls of remove curse
 n - a scroll of fear
 o - 2 scrolls of identify
 u - 2 scrolls of teleportation
Potions
 e - 4 potions of curing
 f - a potion of flight
 i - 2 potions of magic
 m - 3 potions of resistance
 q - a potion of heal wounds
 r - a potion of ambrosia
 s - a potion of brilliance
Comestibles
 c - 8 rations


   Skills:
 - Level 2.4 Dodging
 - Level 2.4 Stealth
 + Level 7.8 Spellcasting
 + Level 6.0 Conjurations
 + Level 6.9 Fire Magic


You had 7 spell levels left.
You knew the following spells:

 Your Spells              Type           Power        Failure   Level  Hunger
a - Flame Tongue          Conj/Fire      #####        1%          1    None
b - Throw Flame           Conj/Fire      #####.       1%          2    None
c - Conjure Flame         Conj/Fire      #####...     1%          3    None
d - Sticky Flame          Conj/Fire      #####...     4%          4    ###....
e - Fireball              Conj/Fire      #####.....   14%         5    #####..

Your spell library contained the following spells:

 Spells                   Type           Power        Failure   Level  Hunger
 Inner Flame              Hex/Fire       ####....     4%          3    None


Dungeon Overview and Level Annotations

Branches:
Dungeon (6/15)
 Temple: D:4-7

Altars:
Sif Muna
Xom


Message History

Press: ? - help, Shift-Dir - straight line, f - orc warrior
Aim: an orc warrior, wielding a +2 flail of protection and wearing a +0 chain mail The sticky flame hits the orc warrior but does no damage.
The orc warrior is covered in liquid flames!
The orc warrior burns!
The orc warrior hits you with a +2 flail of protection!
The orc warrior burns!
The orc warrior burns!
The orc warrior burns!
The orc warrior stops burning.
Casting: Sticky Flame (safe; 4% risk of failure)
Confirm with . or Enter, or press ? or * to list all spells.
Aiming: Sticky Flame (safe; 4% risk of failure)
Press: ? - help, Shift-Dir - straight line, f/p - orc warrior
Aim: an orc warrior, wielding a +2 flail of protection and wearing a +0 chain mail (severely wounded)
The sticky flame hits the orc warrior.
The orc warrior is almost dead.
The orc warrior is covered in liquid flames!
The orc warrior burns!
The orc warrior hits you with a +2 flail of protection!
You die...

### ## #.. .# #.# #.#
#.# #.# # #<# #.##
###.####.# ..#
.........####.#.###.#
###......o.).###....#
.........@###.#.#######
###..####.# #.)........
.... #.# #.#.######.
##.. .....###.### #. #.
#.### #....# #.### ..
#.# #.###?# #...# #.#
#. )# #<# #.# #
......g.# .)#..g./#


You could see an orc warrior (burning).

Vanquished Creatures
  An ice beast (D:6)
  A phantom (D:4)
  An ogre (D:6)
  2 scorpions
  A howler monkey (D:5)
  A bullfrog zombie (D:5)
  2 crimson imps (D:5)
  4 hounds (D:5)
  3 jellies
  3 orc priests
  A centaur skeleton (D:5)
  An orc wizard (D:5)
  A hound skeleton (D:4)
  5 adders
  9 gnolls
  A shadow imp (D:5)
  An ooze (D:3)
  3 worms (D:2)
  5 dart slugs
  4 leopard geckos
  13 orcs
  A ball python (D:3)
  4 giant cockroaches (D:2)
  8 goblins
  8 hobgoblins
  8 jackals
  5 kobolds
  3 quokkas
  9 bats
  11 frilled lizards
  A jackal skeleton (D:5)
  A quokka skeleton (D:4)
  7 rats
129 creatures vanquished.

Vanquished Creatures (others)
  A hobgoblin (D:1)
1 creature vanquished.

Grand Total: 130 creatures vanquished

Notes
Turn   | Place    | Note
-------+----------+-------------------------------------------
     0 | D:1      | Spazmo the Deep Elf Fire Elementalist began the quest for
                  | the Orb.
     0 | D:1      | Reached XP level 1. HP: 10/10 MP: 6/6
   126 | D:1      | Reached XP level 2. HP: 15/15 MP: 1/8
   132 | D:1      | Learned a level 2 spell: Throw Flame
   474 | D:1      | Reached XP level 3. HP: 14/19 MP: 1/10
   479 | D:1      | Learned a level 3 spell: Conjure Flame
   950 | D:1      | Reached skill level 4 in Spellcasting
  1293 | D:2      | Reached XP level 4. HP: 23/24 MP: 3/12
  1299 | D:2      | Learned a level 4 spell: Sticky Flame
  1701 | D:2      | Found a shimmering altar of Xom.
  2753 | D:4      | Reached XP level 5. HP: 28/28 MP: 9/14
  2888 | D:4      | Noticed a phantom
  2900 | D:4      | Killed a phantom
  2900 | D:4      | Reached skill level 5 in Spellcasting
  2900 | D:4      | Reached skill level 5 in Fire Magic
  2955 | D:4      | Reached XP level 6. HP: 22/32 MP: 12/16
  2962 | D:4      | Learned a level 5 spell: Fireball
  3445 | D:5      | Entered Level 5 of the Dungeon
  3502 | D:5      | Reached skill level 6 in Spellcasting
  3604 | D:5      | Reached XP level 7. HP: 36/36 MP: 12/18
  3745 | D:5      | Reached skill level 5 in Conjurations
  3981 | D:5      | Reached skill level 7 in Spellcasting
  4113 | D:5      | Found a shimmering blue altar of Sif Muna.
  4336 | D:6      | Reached XP level 8. HP: 26/41 MP: 5/21
  4346 | D:6      | HP: 2/41 [ogre/+0 giant club (26)]
  4621 | D:6      | Slain by an orc warrior

Levels and vault maps discovered:
D:1:      eino_arrival_cavern_e, layout_basic, minmay_lizard_pond
D:2:      layout_basic, kennysheep_cluttered_room,
          chequers_serial_rivers_micro_c, tgw_xom
D:3:      layout_basic, first_ration
D:4:      layout_loops_cross, minmay_cut_off
D:5:      layout_cave_pools, lemuel_blue_sif_altar, cheibrodos_gnoll_hut
D:6:      layout_loops_ring, minitemple, minmay_temple_entry_hall, serial_shops,
          nicolae_shop_behind_doors, feat_on_display

Skill      XL: |  1  2  3  4  5  6  7  8 |
---------------+-------------------------+-----
Conjurations   | 2 3 4 5 6 |  6.0
Fire Magic     | 4 5 6 |  6.9
Spellcasting   | 4 5 6 7 |  7.8
Dodging        | |  2.4
Stealth        | |  2.4

Action                   |  1- 3 |  4- 6 |  7- 9 || total
-------------------------+-------+-------+-------++-------
Melee: Dagger            |     5 |       |    20 ||    25
Throw: Stone             |       |       |     1 ||     1
 Cast: Flame Tongue      |    71 |    80 |    39 ||   190
       Throw Flame       |     1 |    35 |    14 ||    50
       Sticky Flame      |       |     1 |     9 ||    10
       Fireball          |       |       |     1 ||     1
  Use: Scroll            |     4 |     7 |     3 ||    14
       Potion            |       |     3 |     1 ||     4
  Eat: Chunk             |     1 |     7 |     4 ||    12
Armor: Robe              |     1 |     5 |     5 ||    11
Dodge: Dodged            |    20 |    15 |    24 ||    59

Table legend:
 A = Non-vault XP
 B = Vault XP
 C = Vault XP percentage of total XP
 D = Non-vault monster count
 E = Vault monster count
 F = Vault count percentage of total count
                 A         B        C        D         E       F
            +---------+---------+-------+---------+---------+-------
      Total |    1422 |     191 |  11.8 |     113 |      17 |  13.1
            +---------+---------+-------+---------+---------+-------
        D:1 |      67 |       7 |   9.5 |      35 |       7 |  16.7
        D:2 |      52 |      21 |  28.8 |      16 |       5 |  23.8
        D:3 |      39 |       0 |   0.0 |      12 |       0 |   0.0
        D:4 |     271 |      69 |  20.3 |      17 |       2 |  10.5
        D:5 |     603 |      94 |  13.5 |      21 |       3 |  12.5
        D:6 |     390 |       0 |   0.0 |      12 |       0 |   0.0
            +---------+---------+-------+---------+---------+-------
